 Dungeon Crawl Stone Soup version 0.20-a0-1116-gaa52201 (webtiles) character file.

494 salapander the Chopper (level 7, 0/99 HPs)
             Began as a Hill Orc Berserker on May 7, 2017.
             Was a Believer of Trog.
             Succumbed to an adder's poison
             ... on level 3 of the Dungeon.
             The game lasted 00:04:09 (2199 turns).

salapander the Chopper (Hill Orc Berserker)         Turns: 2199, Time: 00:04:10

Health: 0/99       AC: 23    Str: 20    XL:     7   Next: 15%
Magic:  7/7        EV:  2    Int:  7    God:    Trog [**....]
Gold:   92         SH:  0    Dex: 12    Spells: 6/6 levels left

rFire    . . .     SeeInvis .   a - +0 hand axe
rCold    . . .     Gourm    .   (no shield)
rNeg     + + +     Faith    .   (armour currently unavailable)
rPois    +         Spirit   .   (helmet currently unavailable)
rElec    .         Reflect  .   (cloak currently unavailable)
rCorr    .         Harm     .   (gloves currently unavailable)
MR       .....     NoTele   +   (boots currently unavailable)
Stlth    +.........             (no amulet)
Regen    0.3/turn               (no ring)
MPRegen  0.1/turn               (no ring)

@: lethally poisoned (0 -> -3), tree-form, slowed, invisible, very slow
A: no striking features
a: Berserk, Trog's Hand, Burn Spellbooks, Renounce Religion


You were on level 3 of the Dungeon.
You worshipped Trog.
Trog was pleased with you.
You were near starving.
You were a tree.
You visited 1 branch of the dungeon, and saw 3 of its levels.

You collected 92 gold pieces.

Inventory:

Hand Weapons
 a - a +0 hand axe (weapon)
Armour
 f - a +0 scale mail (melded)
 h - a +0 helmet (melded)
 k - a +0 cloak (melded)
Wands
 i - a wand of flame (19/48)
Scrolls
 d - 4 scrolls of remove curse
 e - a scroll of fog
 g - 2 scrolls of identify
Potions
 m - a potion of haste {unknown}
Comestibles
 b - 3 chunks of flesh
 c - 2 bread rations
 j - a royal jelly


   Skills:
 + Level 7.1 Fighting
 + Level 7.8 Axes
 - Level 2.1 Armour
 - Level 1.5 Dodging


You had 6 spell levels left.
You didn't know any spells.

Dungeon Overview and Level Annotations

Branches:
Dungeon (3/15)

Altars:
Gozag
Hepliaklqana
Qazlal

Portals:
Sewer: D:3

Annotations:
D:3 1 runed door


Message History

You slash MydosGodOfBeginnings's ghost!
You destroy MydosGodOfBeginnings's ghost!
Trog accepts your kill.
Trog appreciates your killing of a magic user.
Your Fighting skill increases to level 7!
You have reached level 7!
You feel sick.
You feel a strong urge to attack something.
You are no longer berserk.
You are exhausted.
You feel yourself slow down.
You feel sick.
Your skin stops crawling.
You feel less resistant to hostile enchantments.
* * * LOW HITPOINT WARNING * * *
You feel sick.
* * * LOW HITPOINT WARNING * * *
You feel sick.
It was a potion of invisibility.
You fade into invisibility!
You die...

. #.####..........#.......#
... ##..####..).....##.....#.#
.... ......................[.#
....###.............##.##....^
................#......##.####
#.............#.#....)....#
#.............#.......#####
#.........###########.##
#....[....≈≈≈♣≈≈≈∩≈##..#
........#.###########..#
#.......#...........#..##
#.......#....####.###...######
#.......#.....................
#.......#.....###.###.#..####.
........#####.# #.#..#.##
#.......# #.# #.......### #.#
#.#.......#


There were no monsters in sight!

Vanquished Creatures
  Sigmund (D:3)
  The ghost of MydosGodOfBeginnings the Vexing, an amateur SpEn (D:3)
  Jessica (D:2)
  An iguana (D:3)
  An orc wizard (D:3)
  4 adders
  4 gnolls (D:2)
  An ooze (D:1)
  2 worms (D:2)
  3 dart slugs
  5 leopard geckos
  An orc (D:3)
  8 bats
  2 giant cockroaches (D:1)
  5 goblins (D:2)
  6 hobgoblins
  4 jackals (D:1)
  7 kobolds
  2 quokkas (D:2)
  A ball python (D:2)
  A frilled lizard (D:2)
  3 rats
64 creatures vanquished.

Notes
Turn   | Place    | Note
-------+----------+-------------------------------------------
     0 | D:1      | salapander the Hill Orc Berserker began the quest for the Orb.
     0 | D:1      | Reached XP level 1. HP: 19/19 MP: 1/1
   332 | D:1      | Reached XP level 2. HP: 27/27 MP: 2/2
   655 | D:1      | Reached XP level 3. HP: 33/33 MP: 3/3
   675 | D:1      | Reached skill level 5 in Axes
   880 | D:2      | Reached XP level 4. HP: 33/41 MP: 4/4
  1039 | D:2      | Noticed Jessica
  1047 | D:2      | Reached ** piety under Trog
  1047 | D:2      | Reached skill level 5 in Fighting
  1047 | D:2      | Killed Jessica
  1047 | D:2      | Reached XP level 5. HP: 48/48 MP: 5/5
  1149 | D:2      | Found a stormy altar of Qazlal.
  1806 | D:2      | Found an opulent altar of Gozag.
  2009 | D:3      | Found a runed door.
  2027 | D:3      | Noticed Sigmund
  2037 | D:3      | Killed Sigmund
  2037 | D:3      | Reached XP level 6. HP: 58/58 MP: 6/6
  2129 | D:3      | Found a hazy altar of Hepliaklqana.
  2161 | D:3      | Noticed MydosGodOfBeginnings's ghost (amateur SpEn)
  2175 | D:3      | Found a glowing drain.
  2183 | D:3      | HP: 3/87 [poisoned by an adder]
  2189 | D:3      | HP: 4/130 [poisoned by an adder]
  2194 | D:3      | Killed MydosGodOfBeginnings's ghost
  2194 | D:3      | Reached XP level 7. HP: 3/66 MP: 7/7
  2194 | D:3      | HP: 3/148 [poisoned by an adder]
  2198 | D:3      | HP: 1/99 [poisoned by an adder]
  2199 | D:3      | Succumbed to an adder's poison

Vault maps used:
D:1:      elethiomel_arrival_shortcut
D:2:      grunt_qazlal_clouds, grunt_gozag_breadcrumbs, uniq_jessica
D:3:      nicolae_overflow_hidden_temple, lemuel_doored_altar,
          portal_sewer_entry_d, uniq_crazy_yiuf_cottage, uniq_sigmund

Skill      XL: |  1  2  3  4  5  6 |
---------------+-------------------+-----
Fighting       | 4 5 6 7 |  7.1
Axes           | 5 6 7 |  7.8
Armour         | |  2.1
Dodging        | |  1.5

Action                   |  1- 3 |  4- 6 |  7- 9 || total
-------------------------+-------+-------+-------++-------
Melee: Hand axe          |    81 |   110 |       ||   191
Invok: Berserk           |     1 |     5 |       ||     6
       Trog's Hand       |       |     1 |       ||     1
  Use: Scroll            |       |     3 |       ||     3
       Potion            |       |     1 |     1 ||     2
 Stab: Distracted        |       |     1 |       ||     1
  Eat: Chunk             |     1 |     7 |       ||     8
Armor: Animal skin       |    23 |     9 |       ||    32
       Scale mail        |       |    19 |       ||    19
       Skin              |       |     6 |       ||     6
Dodge: Dodged            |    60 |    80 |       ||   140
